Map: Givre EC

Players

seaLiFe - Winner!

  • Race: Terran Terran
  • League: Gold

Nathair

  • Race: Zerg Zerg
  • League: Bronze

VOD

Have the link to the VOD?

Description

Time

  • Played on: Oct. 7, 2016, 7:16 a.m.
  • Length: 15:09
Show
View Real Time Build Order
Export as new Build Order

seaLiFe Terran - Winner!

Build Orders: Command Center First (CC), Mech 

Get SALT Encoding   

  12  0:01  SCV  
  13  0:13  SCV  
  14  0:25  SCV, Supply Depot  
  15  0:46  SCV  
  16  1:01  Command Center  
  16  1:04  SCV  
  17  1:15  Barracks  
  17  1:16  SCV  
  18  1:29  SCV  
  19  1:41  SCV  
  20  1:55  Command Center  
  20  2:03  Supply Depot  
  20  2:04  Marine  
  21  2:12  Bunker  
  21  2:18  Refinery  
  21  2:25  Refinery  
  21  2:33  Marine  
  22  2:37  Orbital Command  
  22  2:48  Orbital Command  
  22  3:03  Engineering Bay  
  22  3:09  Marine  
  22  3:11  SCV  
  24  3:14  SCV  
  24  3:32  SCV  
  24  3:33  Factory, SCV  
  26  3:44  Planetary Fortress  
  26  3:45  SCV  
  27  3:50  SCV  
  27  3:55  Refinery  
  28  3:57  SCV  
  28  4:02  SCV  
  30  4:04  Factory  
  30  4:09  SCV  
  31  4:14  SCV  
  32  4:19  Marine  
  32  4:21  SCV x2  
  35  4:26  Factory Tech Lab  
  35  4:30  Starport  
  35  4:49  Factory Tech Lab  
  35  4:53  Factory  
  35  4:57  SCV x3  
  35  4:58  Starport  
  38  5:03  Refinery  
  38  5:09  SCV x3  
  38  5:10  Infernal Pre-Igniter, Refinery  
  41  5:14  Starport Tech Lab  
  41  5:21  SCV x3  
  44  5:29  Refinery  
  44  5:33  SCV x3  
  47  5:36  Starport Tech Lab  
  47  5:39  Cloaking Field  
  47  5:45  SCV x3  
  47  5:47  Siege Tank  
  47  5:48  Siege Tank  
  56  5:57  SCV x3  
  59  6:07  Supply Depot  
  59  6:09  SCV x2, Supply Depot  
  61  6:12  Supply Depot  
  61  6:16  Supply Depot  
  61  6:27  Armory  
  61  6:29  SCV x2, Banshee x2  
  61  6:30  Armory  
  69  6:41  SCV  
  73  6:47  Siege Tank  
  73  6:53  SCV  
  74  6:54  SCV x2  
  74  7:00  Siege Tank  
  79  7:05  SCV  
  79  7:06  SCV  
  79  7:07  SCV  
  82  7:10  Supply Depot  
  82  7:11  Banshee x2  
  82  7:12  Supply Depot  
  82  7:14  Supply Depot  
  88  7:19  Siege Tank  
  91  7:32  Siege Tank  
  94  7:40  Supply Depot  
  91  7:51  Siege Tank  
  91  7:53  Hellbat  
  91  7:54  Banshee x2  
  99  8:04  Thor  
  90  8:15  Hellbat  
  88  8:20  Liberator  
  88  8:23  Hellbat  
  77  8:36  Hellbat  
  77  8:37  Banshee  
  80  8:41  SCV  
  80  8:42  SCV x2  
  80  8:45  Hellbat  
  80  8:48  Hellbat  
  87  8:54  SCV x3  
  87  8:57  Hellbat  
  89  9:06  Hellbat, SCV  
  89  9:09  Hellbat  
  94  9:19  Hellion  
  94  9:20  Banshee x2  
  102  9:27  Siege Tank  
  102  9:28  SCV x2  
  102  9:29  Command Center  
  102  9:30  Siege Tank  
  110  9:40  Hellbat  
  112  9:59  Hellbat  
  111  10:01  Hellbat  
  111  10:02  Siege Tank  
  111  10:03  Banshee  
  116  10:21  Siege Tank  
  119  10:30  SCV x3  
  119  10:34  Siege Tank  
  125  10:36  Liberator x2  
  125  10:42  SCV x3  
  128  10:53  Siege Tank  
  128  10:54  SCV x2  
  139  11:02  Supply Depot  
  139  11:04  Supply Depot  
  139  11:05  Supply Depot  
  139  11:07  SCV  
  139  11:08  Supply Depot  
  140  11:15  Terran Vehicle Weapons Level 1, Terran Vehicle And Ship Armor Level 1  
  140  11:24  Hellbat, Orbital Command, Siege Tank, SCV  
  146  11:26  Siege Tank  
  149  11:33  Refinery  
  149  11:37  Refinery  
  149  11:45  Hellbat  
  151  11:56  Hellbat  
  151  11:58  Hellbat  
  155  12:07  Hellbat  
  157  12:16  Factory  
  157  12:17  Hellbat, Factory x2  
  157  12:19  Hellbat  
  161  12:28  Hellbat  
  163  12:38  Thor  
  169  13:01  Thor  
  142  13:21  Thor  
  142  13:24  Hellbat  
  142  13:26  Factory Tech Lab x2  
  150  13:36  Factory Tech Lab  
  150  13:37  Orbital Command  
  150  13:44  Hellbat  
  150  13:45  Hellbat  
  154  13:56  Refinery  
  154  13:57  Refinery  
  154  14:04  Hellbat  
  154  14:06  Supply Depot  
  154  14:07  Supply Depot  
  154  14:09  Supply Depot  
  156  14:10  Supply Depot  
  156  14:12  Supply Depot  
  156  14:27  Hellbat  
  156  14:28  Hellbat x2  
Show
View Real Time Build Order
Export as new Build Order

Nathair Zerg 

Build Orders: Pool First 

Get SALT Encoding   

  12  0:01  Drone  
  13  0:11  Drone  
  14  0:21  Drone, Extractor  
  15  0:33  Spawning Pool  
  14  0:39  Overlord  
  14  0:47  Overlord  
  14  1:00  Drone x2  
  16  1:07  Extractor  
  16  1:09  Drone, Extractor  
  15  1:18  Drone  
  16  1:26  Queen  
  18  1:34  Drone  
  19  1:43  Drone  
  20  1:52  Drone  
  21  2:00  Roach Warren, Drone  
  21  2:10  Metabolic Boost  
  21  2:13  Drone  
  22  2:28  Hatchery  
  22  2:29  Drone  
  22  2:35  Drone  
  23  2:37  Drone  
  23  2:41  Drone  
  25  2:51  Lair  
  25  3:00  Zergling x4  
  25  3:02  Zergling x2  
  28  3:33  Zergling x4  
  30  3:34  Overlord  
  30  3:46  Spine Crawler, Queen  
  30  3:47  Drone  
  32  3:49  Overlord  
  32  3:50  Overlord  
  32  4:03  Drone x2  
  34  4:10  Drone x4  
  37  4:28  Drone x2  
  37  4:30  Drone x4  
  43  4:34  Glial Reconstitution  
  43  4:52  Extractor  
  42  4:55  Extractor  
  41  5:02  Roach x2  
  41  5:03  Roach x3  
  51  5:10  Roach x2  
  51  5:11  Roach x2, Overlord  
  59  5:21  Baneling Nest  
  59  5:26  Evolution Chamber  
  57  5:28  Evolution Chamber  
  57  5:30  Evolution Chamber  
  57  5:33  Roach x3  
  61  5:39  Overlord  
  61  5:48  Roach  
  61  5:49  Roach x2  
  67  5:54  Overlord  
  67  6:00  Overlord  
  67  6:05  Centrifical Hooks  
  67  6:12  Zerg Ground Armor Level 1  
  67  6:23  Overseer  
  67  6:27  Roach x4  
  75  6:55  Zergling x2  
  75  6:56  Zergling x10, Hydralisk Den  
  75  6:59  Zergling x2  
  75  7:00  Zergling x10  
  86  7:06  Zerg Melee Weapons Level 1  
  86  7:15  Spore Crawler  
  85  7:17  Spore Crawler  
  85  7:20  Spore Crawler  
  83  7:26  Spore Crawler  
  83  7:28  Spore Crawler  
  81  7:32  Spore Crawler  
  81  7:36  Roach  
  44  8:55  Roach x6  
  46  8:56  Roach  
  46  8:57  Hydralisk  
  46  8:58  Hydralisk x6  
  56  9:03  Zerg Missile Weapons Level 1  
  56  9:10  Drone  
  56  9:12  Drone x2  
  59  9:32  Drone x2  
  59  9:36  Zergling x10  
  66  9:44  Drone x3  
  66  9:45  Drone  
  70  10:11  Overseer  
  70  10:13  Hydralisk  
  70  10:14  Hydralisk x4  
  70  10:20  Drone  
  81  10:21  Drone  
  82  10:37  Hatchery  
  82  10:41  Zergling x8  
  85  10:50  Baneling x3  
  85  10:51  Baneling x7  
  85  11:00  Zerg Missile Weapons Level 2  
  85  11:09  Roach x3  
  91  11:20  Drone  
  92  11:25  Overlord x2  
  92  11:26  Overlord  
  92  11:32  Overlord x2  
  92  11:53  Zergling x4  
  92  11:54  Zergling x8  
  97  11:56  Roach x2  
  97  11:57  Zergling x2  
  103  12:08  Drone x3  
  106  12:32  Baneling x6  
  106  12:33  Baneling x7  
  106  12:34  Baneling x7  
  106  12:35  Baneling x2  
  106  12:49  Hatchery  
  39  13:20  Zergling x8  
  39  13:23  Hydralisk x5  
  53  13:32  Drone  
  54  13:39  Zergling x4  
  54  13:40  Zergling x2  
  57  13:43  Baneling x7  
  57  13:44  Baneling  
  57  13:58  Zergling x8  
  61  14:04  Baneling x6  
  61  14:09  Queen  
  61  14:12  Drone x2  
  61  14:16  Drone x3  
  68  14:22  Queen  
  70  14:29  Drone x2  
  72  14:54  Drone x2  
  72  14:55  Drone  
Tags
 
Add a new tag
Caveats
  • Supply blocks, unpowered buildings, or Contaminate may cause inaccurate times.
  • Supply counts are checked every 10 seconds.